 Dungeon Crawl Stone Soup version 0.26.1-2-gb8aa6d0cf2 (webtiles) character file.

Game seed: 13282739685883521149

633461 Chiseanne the Warrior (level 27, -5/282 HPs)
             Began as a Demonspawn Wanderer on Mar 4, 2021.
             Was an Initiate of Gozag.
             Slain by a deep elf blademaster
             ... wielding a +0 short sword
              (8 damage)
             ... on level 18 of a ziggurat on Mar 30, 2021.
             The game lasted 04:07:09 (63568 turns).

Chiseanne the Warrior (Demonspawn Wanderer)        Turns: 63568, Time: 04:07:09

Health: -5/282     AC: 34    Str: 22    XL:     27
Magic:  34/34      EV: 25    Int: 23    God:    Gozag
Gold:   3087       SH: 26    Dex: 28    Spells: 26/26 levels left

rFire    + + +     SeeInvis .   a - +9 broad axe (flame)
rCold    + . .     Faith    .   R - +5 kite shield "Dowkafiokuo" {rN+ MP+9}
rNeg     + + +     Spirit   .   B - +5 plate armour {rN+}
rPois    .         Reflect  +   (helmet unavailable)
rElec    .         Harm     .   G - +2 cloak {rCorr}
rCorr    +         Rampage  +   g - +2 pair of gloves {Dex+3}
Will     +++..     Clarity  +   s - +2 pair of boots {rampage}
Stlth    +++.......             V - amulet "Tucwiczi" {Reflect rF+ rC+ Will+ SH+5}
HPRegen  3.97/turn              N - ring "Jiyvacet" {rF+ rN+ Int+6 Dex+4}
MPRegen  0.24/turn              Q - ring "Qexty" {rF+ rCorr Dex+2 Stlth+}

@: lethally poisoned (-5 -> -6), gold aura, repel missiles
A: horns 3, repulsion field 3, clarity, clever 1, demonic guardian 3, high mp 1,
powered by death 3, regeneration 1, robust 3, strong 2
}: 3/15 runes: barnacled, silver, gossamer
a: Renounce Religion, Potion Petition, Call Merchant, Bribe Branch


You were on level 18 of a ziggurat.
You worshipped Gozag.
Gozag was most pleased with you.
You visited 8 branches of the dungeon, and saw 44 of its levels.
You visited 1 ziggurat, and saw 18 of its levels.
You also visited: Gauntlet.

You collected 27450 gold pieces.
You spent 5767 gold pieces at shops.
You paid 18596 gold pieces to Gozag.

Inventory:

Hand Weapons
 a - a +9 broad axe of flaming (weapon)
 d - the +9 spear "Jellyslayer" {freeze, rC+ SInv}
   (You bought it in a shop on level 11 of the Dungeon)

   It has been specially enchanted to freeze those struck by it, causing extra
   injury to most foes and up to half again as much damage against particularly
   susceptible opponents.
   It can also slow down cold-blooded creatures.
   It protects you from cold.
   It lets you see invisible.
 e - the +10 hand crossbow of Iramalui {speed, rPois rF+ Str-4}
   (You found it on level 2 of the Depths)

   Attacks with this weapon are significantly faster.
   It affects your strength (-4).
   It protects you from fire.
   It protects you from poison.
 w - the +9 fustibalus "Rineuree" {freeze, +Fly rPois Int-4 Stlth+}
   (You found it on level 2 of the Crypt)

   It causes projectiles fired from it to freeze those they strike, causing
   extra injury to most foes and up to half again as much damage against
   particularly susceptible opponents.
   They can also slow down cold-blooded creatures.
   It affects your intelligence (-4).
   It protects you from poison.
   It lets you fly.
   It makes you more stealthy.
Missiles
 c - 73 sling bullets
 f - 954 bolts
 q - 58 boomerangs
 A - 80 silver javelins
 L - 8 curare-tipped darts
 O - 2 throwing nets {!*}
 X - 59 javelins (quivered)
Armour
 g - a +2 pair of gloves of dexterity (worn)
 s - a +2 pair of boots of rampaging (worn)
 B - a +5 plate armour of positive energy (worn)
 G - a +2 cloak of preservation (worn)
 R - the +5 kite shield "Dowkafiokuo" (worn) {rN+ MP+9}
   (You found it on level 14 of the Dungeon)

   It protects you from negative energy.
   It affects your magic capacity (+9).
Jewellery
 j - an uncursed amulet of regeneration
 u - the ring of Ziykhlide {Wiz +Blink +Fly rElec Stlth+}
   (You found it on level 5 of a ziggurat)

   [ring of wizardry]

   It improves your spell success rate.
   It insulates you from electricity.
   It lets you fly.
   It lets you blink.
   It makes you more stealthy.
 E - the ring "Baev Ese" {Ice rPois Str+3 Dex+4}
   (You found it on level 4 of the Shoals)

   [ring of ice]

   It enhances your ice magic.
   It affects your strength (+3).
   It affects your dexterity (+4).
   It makes you vulnerable to fire.
   It protects you from cold.
   It protects you from poison.
 F - the ring "Efubun" {rC+ rCorr Str+4 Dex+2 Slay+3}
   (You found it on level 13 of a ziggurat)

   [ring of resist corrosion]

   It affects your strength (+4).
   It affects your dexterity (+2).
   It affects your accuracy and damage with ranged weapons and melee attacks
   (+3).
   It protects you from cold.
   It provides partial protection from all sources of acid and corrosion.
 N - the ring "Jiyvacet" (left hand) {rF+ rN+ Int+6 Dex+4}
   (You found it on level 15 of a ziggurat)

   [ring of intelligence]

   It affects your intelligence (+6).
   It affects your dexterity (+4).
   It protects you from fire.
   It protects you from negative energy.
 Q - the ring "Qexty" (right hand) {rF+ rCorr Dex+2 Stlth+}
   (You took it off a vault warden on level 4 of the Vaults)

   [ring of resist corrosion]

   It affects your dexterity (+2).
   It protects you from fire.
   It provides partial protection from all sources of acid and corrosion.
   It makes you more stealthy.
 S - the ring "Zomiasch" {Ice rElec Int+4}
   (You found it on level 15 of a ziggurat)

   [ring of ice]

   It enhances your ice magic.
   It affects your intelligence (+4).
   It makes you vulnerable to fire.
   It protects you from cold.
   It insulates you from electricity.
 V - the amulet "Tucwiczi" (around neck) {Reflect rF+ rC+ Will+ SH+5}
   (You bought it in a shop on level 15 of the Dungeon)

   [amulet of reflection]

   It shields you and reflects attacks.
   It protects you from fire.
   It protects you from cold.
   It affects your willpower, your defense against some magical effects.
   It affects your SH (+5).
 Z - the ring "Imalitz" {Wiz Slay+2, unknown}
   (You found it on level 16 of a ziggurat)

   [ring of wizardry]

   It improves your spell success rate.
   It affects your accuracy and damage with ranged weapons and melee attacks
   (+2).
Wands
 r - a wand of disintegration (26)
 I - a wand of paralysis (43)
 Y - a wand of acid (3)
Scrolls
 i - 23 scrolls of teleportation
 l - 6 scrolls of fear
 n - a scroll of blinking
 o - 3 scrolls of magic mapping
 t - 6 scrolls of remove curse
 y - a scroll of brand weapon
 D - 2 scrolls of silence
 J - 6 scrolls of enchant weapon
 M - a scroll of summoning
 T - 9 scrolls of fog
Potions
 b - 9 potions of curing
 h - 8 potions of flight
 k - 4 potions of mutation
 p - a potion of resistance
 C - a potion of heal wounds
 P - 2 potions of berserk rage
 W - 2 potions of cancellation
Miscellaneous
 m - a tin of tremorstones (2/2)
 x - a lightning rod (4/4)
 z - a condenser vane
 H - a box of beasts
 K - a phantom mirror
 U - a phantom mirror


   Skills:
 * Level 18.0 Fighting
 - Level 1.7 Short Blades
 - Level 12.1 Axes
 - Level 8.0(12.2) Slings
 - Level 15.0 Crossbows
 - Level 14.4(15.1) Throwing
 * Level 17.2 Armour
 * Level 17.3 Dodging
 - Level 14.0 Stealth
 * Level 17.7 Shields
 - Level 1.7 Fire Magic
 - Level 2.6 Earth Magic
 - Level 10.8 Evocations


You had 26 spell levels left.
You didn't know any spells.
Your spell library contained the following spells:

 Spells                   Type           Power        Failure   Level
 Foxfire                  Conj/Fire      16%          65%         1
 Passwall                 Tmut/Erth      5%           71%         2
 Animate Skeleton         Necr           0%           77%         1
 Apportation              Tloc           0%           77%         1
 Beastly Appendage        Tmut           0%           77%         1
 Corona                   Hex            0%           77%         1
 Freeze                   Ice            0%           77%         1
 Magic Dart               Conj           0%           77%         1
 Pain                     Necr           0%           77%         1
 Shock                    Conj/Air       0%           77%         1
 Sting                    Tmut/Pois      0%           77%         1
 Summon Small Mammal      Summ           0%           77%         1
 Call Imp                 Summ           0%           88%         2
 Corpse Rot               Necr/Air       N/A          88%         2
 Ensorcelled Hibernation  Hex/Ice        0%           88%         2
 Poisonous Vapours        Pois/Air       0%           88%         2
 Searing Ray              Conj           0%           88%         2
 Sublimation of Blood     Necr           0%           88%         2
 Swiftness                Air            0%           88%         2
 Wereblood                Tmut           0%           88%         2
 Conjure Flame            Conj/Fire      4%           95%         3
 Inner Flame              Hex/Fire       4%           95%         3
 Ignite Poison            Fire/Tmut/Pois 2%           96%         3
 Call Canine Familiar     Summ           0%           98%         3
 Confusing Touch          Hex            0%           98%         3
 Dazzling Flash           Conj/Hex       0%           98%         3
 Frozen Ramparts          Ice            0%           98%         3
 Gell's Gravitas          Tloc           0%           98%         3
 Lesser Beckoning         Tloc           0%           98%         3
 Mephitic Cloud           Conj/Pois/Air  0%           98%         3
 Ozocubu's Armour         Ice            0%           98%         3
 Portal Projectile        Hex/Tloc       0%           98%         3
 Spider Form              Tmut/Pois      0%           98%         3
 Static Discharge         Conj/Air       0%           98%         3
 Summon Guardian Golem    Hex/Summ       0%           98%         3
 Tukima's Dance           Hex            0%           98%         3
 Vampiric Draining        Necr           0%           98%         3
 Airstrike                Air            0%           100%        4
 Animate Dead             Necr           0%           100%        4
 Cause Fear               Hex            0%           100%        4
 Dispel Undead            Necr           0%           100%        4
 Fulminant Prism          Conj/Hex       0%           100%        4
 Hailstorm                Conj/Ice       0%           100%        4
 Ice Form                 Ice/Tmut       0%           100%        4
 Iskenderun's Mystic Bla  Conj/Tloc      0%           100%        4
 Olgreb's Toxic Radiance  Pois           0%           100%        4
 Petrify                  Tmut/Erth      6%           100%        4
 Sticky Flame             Conj/Fire      4%           100%        4
 Summon Ice Beast         Ice/Summ       0%           100%        4
 Summon Lightning Spire   Summ/Air       0%           100%        4
 Agony                    Necr           0%           100%        5
 Alistair's Intoxication  Tmut/Pois      0%           100%        5
 Blade Hands              Tmut           0%           100%        5
 Bolt of Magma            Conj/Fire/Erth 3%           100%        5
 Excruciating Wounds      Necr           0%           100%        5
 Fireball                 Conj/Fire      2%           100%        5
 Irradiate                Conj/Tmut      0%           100%        5
 Iskenderun's Battlesphe  Conj           0%           100%        5
 Lee's Rapid Deconstruct  Erth           6%           100%        5
 Lightning Bolt           Conj/Air       0%           100%        5
 Metabolic Englaciation   Hex/Ice        0%           100%        5
 Silence                  Hex/Air        0%           100%        5
 Yara's Violent Unravell  Hex/Tmut       0%           100%        5
 Conjure Ball Lightning   Conj/Air       0%           100%        6
 Hydra Form               Tmut           0%           100%        6
 Invisibility             Hex            0%           100%        6
 Iron Shot                Conj/Erth      3%           100%        6
 Ozocubu's Refrigeration  Ice            0%           100%        6
 Shadow Creatures         Summ           N/A          100%        6
 Simulacrum               Ice/Necr       0%           100%        6
 Starburst                Conj/Fire      2%           100%        6
 Statue Form              Tmut/Erth      4%           100%        6
 Dragon Form              Tmut           0%           100%        7
 Haunt                    Necr/Summ      0%           100%        7
 Malign Gateway           Summ/Tloc      0%           100%        7
 Monstrous Menagerie      Summ           0%           100%        7
 Orb of Destruction       Conj           0%           100%        7
 Spellforged Servitor     Conj/Summ      0%           100%        7
 Summon Greater Demon     Summ           0%           100%        7
 Borgnjor's Revivificati  Necr           0%           100%        8
 Ignition                 Fire           4%           100%        8
 Infestation              Necr           0%           100%        8
 Necromutation            Tmut/Necr      0%           100%        8
 Summon Horrible Things   Summ           0%           100%        8
 Death's Door             Necr           0%           100%        9
 Dragon's Call            Summ           0%           100%        9
 Shatter                  Erth           6%           100%        9
 Tornado                  Air            0%           100%        9


Dungeon Overview and Level Annotations

Branches:
Dungeon (15/15)            Temple (0/1) D:6            Lair (6/6) D:9
 Shoals (4/4) Lair:4       Spider (4/4) Lair:2        Slime (0/5) Lair:5
    Orc (2/2) D:11            Elf (0/3) Orc:2        Vaults (5/5) D:14
  Crypt (3/3) Vaults:2       Tomb (0/3) Crypt:3      Depths (5/5) D:15
    Zot (0/5) Depths:5    Gauntlet (visited)

Altars:
Ashenzari
Dithmenos
Fedhas
Gozag
Kikubaaqudgha
Makhleb
Okawaru
Qazlal
Trog
Uskayaw
Vehumet
Wu Jian
Xom
Yredelemnul
Zin
Beogh
Jiyva

Shops:
D:7 *   D:8 (   D:11 *   D:15 (([[==((([   Orc:2 [=*(   Vaults:2 (   Vaults:4 }
Depths:5 ?

Portals:
Hell: Depths:1 Depths:2 Depths:3 Depths:4 Depths:5
Abyss: Depths:2 Depths:4 Depths:5
Pandemonium: Depths:3
Trove: Depths:5 (give 13 potions of heal wounds)

Annotations:
D:4 3 runed translucent doors, Groucho's ghost, amateur SpEn
D:14 exclusion: 2 downstairs
Lair:4 exclusion: oklob plant
Lair:6 exclusion: oklob plant
Shoals:4 exclusion: upstairs
Spider:3 1 runed translucent door, execc's ghost, adept VSAr
Vaults:1 Feagond's ghost, adept HOMo
Crypt:3 3 runed translucent doors, Qugot's ghost, veteran FoFi


Innate Abilities, Weirdness & Mutations

You have a pair of large horns on your head.
You are surrounded by a strong repulsion field. (EV +4, RMsl)
A powerful demonic guardian rushes to your aid.
You regenerate a lot of health from kills.
You are extremely robust. (+30% HP)
You possess an exceptional clarity of mind.
Your mind is acute. (Int +2)
You have an increased reservoir of magic. (+10% MP)
Your natural rate of healing is unusually fast.
Your muscles are very strong. (Str +4)


Message History

Reactivating autopickup.
You feel a bit more experienced.
The deep elf mage mumbles some strange words.
The deep elf mage blinks!
A deep elf mage comes into view. It is wielding a +0 rapier.
The deep elf mage gestures wildly while chanting.
The deep elf mage blinks!
The Executioner hits you but does no damage.
You block the Executioner's attack. The Executioner hits you.
* * * LOW HITPOINT WARNING * * *
The deep elf annihilator becomes distracted by the nearby gold, dreaming of imaginary riches.
The ufetubus barely misses your Executioner.
The ufetubus misses your Executioner.
The deep elf mage casts a spell.
The deep elf mage blinks!
The deep elf archer blinks! x2
The deep elf blademaster becomes distracted by the nearby gold, dreaming of imaginary riches.
The deep elf blademaster hits you but does no damage.
The deep elf blademaster hits you with a +0 short sword!
You die...
Your body crumbles into a pile of gold.

.....▓ ...s........▓▓
88e..88......▓▓ $$
88..188....e..▓▓
e§r.4e255e......▓▓
e..1e.42e45e.....∩.▓
$ee3eee*e23E3.5....▓▓
e.☼882e.881E5....▓▓
e..88.ee88@15...▓▓
...ee.e*(e$e...▓▓
.......e○E....▓▓
.........e...▓▓
▓..(........▓▓
▓▓▓▓▓▓▓▓▓▓▓▓▓


You could see a Hell Sentinel (summoned), 2 deep elf blademasters, 2 cacodemons,
a deep elf master archer, a green death (summoned), 2 deep elf annihilators, 2
Executioners, 3 deep elf demonologists, an orange demon (summoned), a deep elf
archer (empowered, repels missiles, fleeing), 4 deep elf high priests, a
hellwing (summoned, unaware), 8 deep elf magi, a smoke demon (summoned), a
tormentor (summoned), 3 fire elementals, a ynoxinul (summoned), a red devil
(summoned), a redback (summoned, fleeing), a hell rat (summoned), 2
battlespheres, 6 ufetubi and a friendly Executioner (summoned, fast).

Vanquished Creatures
  A pandemonium lord (Zig:12)
  2 ancient liches (Zig:15)
  Mennas (Depths:4)
  Margery (Crypt:3)
  3 Killer Klowns (Zig:12)
  Boris (twice) (Depths:4 Vaults:2)
  Bai Suzhen (Depths:2)
  Frederick (Vaults:4)
  2 caustic shrikes (Depths:4)
  Jory (Vaults:5)
  5 golden dragons
  A bone dragon (Depths:5)
  The ghost of Waammiq the Devastator, a veteran GrEE of Lugonu (Crypt:2)
  A profane servitor (Crypt:3)
  A hellephant (Zig:8)
  7 liches
  5 tentacled monstrosities
  2 deep elf blademasters
  An Ice Fiend (Zig:14)
  The ghost of Zotwa the Spawn of Chaos, an adept GnSk of Makhleb (Vaults:1)
  4 titans
  A deep elf master archer (Depths:3)
  5 acid blobs
  2 tentacled starspawn (Zig:8)
  Asterion (Vaults:3)
  7 sphinxes
  7 ancient champions
  A thorn hunter (Zig:17)
  3 shadow dragons
  A shadow dragon (shapeshifter) (Zig:12)
  4 storm dragons
  10 tengu reavers
  8 azure jellies
  A nagaraja (Zig:6)
  3 revenants
  12 frost giants
  10 fire giants
  3 draconian knights
  14 vault wardens
  3 curse skulls
  A deep elf sorcerer (Vaults:1)
  A draconian scorcher (Zig:7)
  An orc warlord (Orc:2)
  3 emperor scorpions (Zig:10)
  2 draconian stormcallers
  Aizul (Depths:2)
  3 iron dragons
  5 ghost moths
  A juggernaut zombie (Zig:14)
  8 ironheart preservers
  2 draconian annihilators
  16 ghouls
  A draconian shifter (Zig:7)
  3 reapers
  2 spriggan defenders (Depths:5)
  A juggernaut skeleton (Depths:1)
  5 war gargoyles
  19 stone giants
  A caustic shrike skeleton (Zig:14)
  15 very ugly things
  5 deep elf demonologists
  3 deep elf annihilators
  8 vampire knights
  6 entropy weavers
  An entropy weaver (shapeshifter) (Vaults:5)
  A black draconian (Depths:5)
  2 white draconians (Depths:5)
  A lorocyproca (Depths:3)
  A purple draconian (Depths:5)
  15 spark wasps
  2 yellow draconians (Depths:5)
  2 deep elf death magi
  12 ettins
  7 merfolk javelineers
  8 death oozes
  A green death (Zig:17)
  2 crystal guardians
  3 eidola
  5 merfolk impalers
  10 great orbs of eyes
  9 ogre magi
  4 rakshasas
  13 yaktaur captains
  13 jiangshi
  3 deep elf high priests
  11 fire dragons
  5 boulder beetles
  6 hydras
  A juggernaut simulacrum (Depths:3)
  9 spriggan air magi
  21 vault guards
  A hydra (shapeshifter) (Depths:3)
  8 ice dragons
  4 ghost crabs
  5 centaur warriors
  A catoblepas (shapeshifter) (Depths:3)
  2 death knights
  Erica (D:10)
  A death yak (Lair:6)
  2 satyrs (Shoals:4)
  23 two-headed ogres
  2 two-headed ogres (shapeshifter) (Depths:3)
  10 deep troll earth magi
  4 deep troll shamans
  A titan zombie (Zig:14)
  2 merfolk aquamancers (Shoals:4)
  5 tengu warriors
  6 vampire magi
  An orc high priest (Orc:2)
  A hell hog (Zig:5)
  A thrashing horror (Zig:3)
  7 spriggan berserkers
  2 soul eaters
  Nergalle (Orc:2)
  2 sun demons (Zig:8)
  3 deep elf knights
  26 skeletal warriors
  4 fire crabs (Lair:5)
  A titan skeleton (Zig:14)
  2 storm dragon skeletons
  11 hell knights
  2 death drakes (Zig:17)
  3 iron trolls
  A spatial maelstrom (Zig:3)
  3 shadow wraiths
  7 sea snakes
  An unseen horror (shapeshifter) (Zig:18)
  6 flayed ghosts
  A glowing orange brain (Vaults:5)
  A spriggan druid (Zig:17)
  A glowing orange brain (shapeshifter) (Depths:3)
  A swamp dragon (shapeshifter) (Zig:1)
  5 unseen horrors
  5 deep elf archers
  A death drake (shapeshifter) (Depths:2)
  A swamp dragon (Zig:17)
  21 deep trolls
  9 phantasmal warriors
  6 bog bodies
  2 goliath frog zombies
  10 harpies
  6 wizards
  2 large abominations
  A golden dragon skeleton (Crypt:2)
  2 lindwurms
  2 harpies (shapeshifter)
  17 deep elf magi
  8 necromancers
  11 ironbrand convokers
  12 orc knights
  2 orc sorcerers
  A fire giant zombie (Crypt:2)
  42 ugly things
  A shining eye (Zig:2)
  9 orb spiders
  A shadow dragon skeleton (Crypt:3)
  A will-o-the-wisp (Zig:17)
  An oklob plant (Lair:5)
  A cyclops (shapeshifter) (Zig:15)
  21 wolf spiders
  A stone giant zombie (Crypt:2)
  3 cyclopes
  14 manticores
  A sphinx skeleton (Zig:14)
  2 salamanders (Depths:1)
  A moth of wrath (Spider:4)
  A salamander (shapeshifter) (Depths:3)
  2 frost giant skeletons
  Joseph (D:10)
  A merfolk siren (Shoals:4)
  3 black mambas
  4 water nymphs
  2 eyes of devastation
  A fire giant skeleton (Zig:14)
  2 naga magi (Zig:6)
  8 torpor snails
  A black mamba (shapeshifter) (Vaults:3)
  4 vault sentinels
  A guardian serpent (shapeshifter) (Vaults:4)
  An apocalypse crab (Lair:5)
  Maurice (D:8)
  An elf skeleton (Zig:14)
  A pale draconian zombie (Crypt:1)
  A white draconian zombie (Crypt:1)
  A rime drake (shapeshifter) (Vaults:5)
  2 centaur skeletons
  A gargoyle (D:15)
  9 cane toads
  A grey draconian zombie (Crypt:3)
  57 yaktaurs
  2 smoke demons
  9 komodo dragons
  An elf zombie (Vaults:5)
  4 hellwings (Depths:1)
  4 efreet
  An ice devil (Zig:14)
  A spark wasp simulacrum (Zig:8)
  2 rime drakes
  13 freezing wraiths
  2 ancient zymes
  5 demonic crawlers
  An iron troll zombie (Crypt:2)
  A polar bear (Vaults:3)
  A troll (shapeshifter) (Vaults:5)
  A red devil (Depths:1)
  A harpy zombie (Crypt:1)
  13 merfolk
  3 tengu conjurers
  A pale draconian skeleton (Crypt:1)
  21 jumping spiders
  5 trolls
  A meliai (shapeshifter) (Vaults:4)
  2 tyrant leeches (Lair:6)
  3 meliai (D:14)
  A tarantella zombie (Crypt:3)
  A deep troll zombie (Depths:1)
  9 blink frogs
  A tyrant leech (shapeshifter) (Depths:3)
  A wind drake (shapeshifter) (D:15)
  5 wind drakes
  24 hornets
  A slime creature (shapeshifter) (Vaults:5)
  A raiju (Zig:8)
  2 spriggan zombies (Zig:5)
  36 slime creatures
  An ettin zombie (Depths:1)
  A dream sheep (shapeshifter) (Depths:3)
  11 dream sheep
  A stone giant simulacrum (Vaults:5)
  12 snapping turtles
  An air elemental (D:14)
  55 redbacks
  2 shadows
  3 vampires (Crypt:3)
  5 spriggans
  An ettin skeleton (Crypt:3)
  9 tarantellas
  7 wraiths
  6 water elementals
  27 yaks
  Eustachio (D:5)
  A neqoxec (Zig:8)
  3 wyverns
  4 fire elementals
  A golden eye (shapeshifter) (Vaults:1)
  8 basilisks
  A vampire mosquito (Zig:17)
  2 basilisks (shapeshifter)
  2 chaos spawn
  2 steam dragons
  2 human zombies
  An acid dragon (shapeshifter) (Depths:1)
  A swamp worm (shapeshifter) (Zig:13)
  5 acid dragons
  2 small abominations (Zig:8)
  A warg (Orc:2)
  9 water moccasins
  A gelid demonspawn zombie (Crypt:3)
  5 hell hounds
  A human skeleton (Zig:14)
  A hornet zombie (D:5)
  A floating eye (Zig:4)
  7 ice beasts
  A cane toad skeleton (Crypt:3)
  32 orc warriors
  A sky beast (D:13)
  5 eyes of draining
  An ice dragon simulacrum (Vaults:1)
  5 necrophages
  A snapping turtle skeleton (Crypt:3)
  32 ogres
  An elephant skeleton (Crypt:2)
  A tengu (D:14)
  13 centaurs
  3 phantoms
  18 wolves
  A hog zombie (Crypt:1)
  A swamp dragon skeleton (Crypt:3)
  A big kobold (shapeshifter) (Vaults:2)
  3 big kobolds
  14 bullfrogs
  A wyvern zombie (D:11)
  An earth elemental (D:14)
  A wyvern skeleton (D:14)
  2 scorpions
  A yak zombie (Crypt:3)
  17 wights
  3 killer bees (D:12)
  An electric eel (Lair:5)
  5 howler monkeys
  4 crimson imps (Depths:1)
  11 hounds
  2 quasits
  A bullfrog zombie (D:11)
  17 jellies
  16 orc priests
  2 bullfrog skeletons
  An iron imp (Zig:5)
  14 iguanas
  26 orc wizards
  A worker ant (shapeshifter) (Vaults:5)
  6 hell rats (Lair:2)
  8 worker ants
  A deep dwarf zombie (Crypt:1)
  A dwarf zombie (Crypt:1)
  A naga skeleton (Crypt:3)
  2 mummies (Zig:14)
  2 worker ant zombies
  3 gnolls (D:11)
  A howler monkey skeleton (D:10)
  8 adders
  2 shadow imps
  9 white imps
  An ufetubus (D:5)
  13 oozes
  A worm zombie (Crypt:2)
  A worm (D:6)
  5 dart slugs
  8 leopard geckos
  106 orcs
  6 bats
  4 giant cockroaches
  5 goblins
  5 hobgoblins
  8 jackals
  24 kobolds
  9 quokkas
  6 frilled lizards
  A jackal zombie (D:7)
  A quokka zombie (Crypt:2)
  2 rats
  A rat zombie (Crypt:1)
  10 pillars of salt (Vaults:4)
  3 starspawn tentacles (Zig:8)
1827 creatures vanquished.

Vanquished Creatures (collateral kills)
  An ancient lich (Vaults:5)
  A juggernaut (Depths:2)
  Sojobo (Vaults:3)
  3 golden dragons
  A profane servitor (Crypt:3)
  An Ice Fiend (Zig:14)
  Jorgrun (D:13)
  A lich (Crypt:3)
  A titan (Vaults:5)
  A deep elf blademaster (Zig:18)
  2 acid blobs (Depths:1)
  2 quicksilver dragons (shapeshifter)
  3 ancient champions
  3 sphinxes
  A tengu reaver (Vaults:5)
  3 storm dragons
  4 fire giants
  A ghost moth (Spider:2)
  A revenant (Crypt:3)
  3 emperor scorpions (Spider:4)
  An orc warlord (D:12)
  A frost giant (Depths:3)
  4 vault wardens
  A ghoul (Crypt:1)
  6 very ugly things
  A reaper (Zig:14)
  4 ironheart preservers
  3 stone giants
  2 vampire knights
  A bunyip (Zig:17)
  An entropy weaver (Lair:5)
  4 spark wasps
  2 ettins
  2 fire dragons
  A merfolk impaler (Shoals:4)
  A merfolk javelineer (Zig:11)
  A death ooze (Depths:1)
  2 yaktaur captains
  5 hydras
  A jiangshi (Crypt:3)
  8 vault guards (Vaults:5)
  2 great orbs of eyes
  2 ghost crabs
  A rakshasa (Depths:1)
  A boulder beetle (Zig:15)
  A spriggan air mage (Depths:2)
  A deep troll shaman (Depths:5)
  8 two-headed ogres
  2 centaur warriors
  7 ogre magi
  2 tengu warriors (D:13)
  2 deep troll earth magi
  A spriggan berserker (Depths:2)
  A dancing weapon (Depths:3)
  A vampire mage (Crypt:3)
  4 hell knights
  5 deep elf knights
  14 skeletal warriors
  A fire crab (Lair:5)
  An iron troll (Depths:5)
  An iron troll (shapeshifter) (Zig:12)
  2 shadow wraiths
  A goliath frog (Zig:17)
  An unseen horror (D:15)
  2 bog bodies
  3 sea snakes
  3 deep trolls
  A phantasmal warrior (Crypt:2)
  2 ironbrand convokers (Vaults:3)
  A swamp dragon (Lair:6)
  4 harpies
  2 orb spiders
  7 wolf spiders
  An oklob plant (Lair:5)
  2 deep elf magi
  A tengu skeleton (Vaults:5)
  4 orc knights
  2 orc sorcerers
  2 cyclopes
  13 ugly things
  A manticore (shapeshifter) (Zig:15)
  6 manticores
  An iron dragon zombie (Zig:14)
  An apocalypse crab (Zig:12)
  4 vault sentinels
  A torpor snail (Lair:6)
  3 cane toads
  A spriggan zombie (Zig:14)
  A centaur skeleton (D:14)
  A dire elephant skeleton (Crypt:3)
  A spriggan skeleton (Zig:14)
  2 freezing wraiths
  A komodo dragon (Lair:5)
  3 yaktaurs
  An efreet (D:14)
  A red devil (Depths:1)
  2 trolls
  A polar bear (Lair:6)
  2 tyrant leeches (Lair:6)
  5 jumping spiders
  A merfolk (Shoals:4)
  Grinder (D:3)
  5 hornets
  A snapping turtle (Shoals:4)
  5 dream sheep
  4 blink frogs
  14 slime creatures
  10 redbacks
  2 tarantellas (Spider:3)
  6 yaks (Lair:1)
  Grum (D:10)
  3 basilisks (D:13)
  A chaos spawn (Zig:12)
  5 orc warriors
  An ice beast (D:13)
  2 wolves (D:10)
  A necrophage (Crypt:1)
  An eye of draining (D:13)
  10 ogres
  2 centaurs
  A torpor snail zombie (Crypt:1)
  An elf skeleton (Crypt:3)
  4 howler monkeys
  A bullfrog skeleton (D:4)
  A hound (D:13)
  2 orc priests (Orc:2)
  3 jellies
  5 orc wizards
  2 iguanas (Lair:1)
  A worker ant (D:13)
  A howler monkey skeleton (D:10)
  A steam dragon skeleton (Crypt:1)
  2 oozes (D:3)
  10 orcs
  3 kobolds (D:9)
352 creatures vanquished.

Vanquished Creatures (others)
  A shard shrike (Zig:14)
  A golden dragon (Zig:17)
  A bone dragon (Depths:5)
  A lich (Vaults:5)
  A draconian knight (Zig:7)
  An ironheart preserver (Vaults:5)
  A deep elf annihilator (Depths:3)
  A white draconian (Zig:7)
  2 eleionomae (Zig:17)
  A merfolk javelineer (Zig:11)
  A green death (Zig:17)
  An ogre mage (Zig:15)
  A vault guard (Vaults:5)
  2 hydras (Zig:17)
  A rakshasa (Vaults:3)
  8 dancing weapons
  A death drake (Zig:17)
  A spriggan druid (Zig:17)
  3 swamp dragons (Zig:17)
  An ironbrand convoker (Vaults:5)
  A harpy (Shoals:4)
  A deep elf mage (Zig:18)
  A necromancer (Vaults:5)
  3 will-o-the-wisps (Zig:17)
  A cyclops (Shoals:4)
  A tyrant leech (Zig:17)
  2 snapping turtles
  An ettin skeleton (Vaults:5)
  A spriggan (Zig:17)
  A steam dragon (D:5)
  A neqoxec (Zig:8)
  11 foxfires (Zig:17)
  41 fungi
  101 plants
  5 starspawn tentacles (Zig:8)
  9 toadstools (D:3)
212 creatures vanquished.

Grand Total: 2391 creatures vanquished

Notes
Turn   | Place    | Note
-------+----------+-------------------------------------------
     0 | D:1      | Chiseanne the Demonspawn Wanderer began the quest for the
                  | Orb.
     0 | D:1      | Chiseanne set off with the following items: a +2 short
                  | sword, a +0 robe; and the following spell memorised:
                  | Foxfire; and the following spells available to memorise:
                  | Corpse Rot, Swiftness, Inner Flame
     0 | D:1      | Reached XP level 1. HP: 13/13 MP: 1/1
   399 | D:1      | Gained mutation: You have a pair of small horns on your
                  | head. [demonic ancestry]
   399 | D:1      | Reached XP level 2. HP: 20/20 MP: 2/2
   432 | D:1      | Reached skill level 1 in Fighting
   675 | D:1      | Reached skill level 1 in Armour
   887 | D:1      | Gained mutation: A weak demonic guardian rushes to your
                  | aid. [demonic ancestry]
   887 | D:1      | Reached XP level 3. HP: 21/26 MP: 3/3
  2056 | D:2      | Found a bloodstained altar of Trog.
  2336 | D:2      | Found a bloodstained altar of Trog.
  2336 | D:2      | Found a broken altar of Ashenzari.
  2338 | D:2      | Found a radiant altar of Vehumet.
  2341 | D:2      | Found an opulent altar of Gozag.
  2348 | D:2      | Became a worshipper of Gozag Ym Sagoz the Greedy
  2507 | D:3      | Found a stormy altar of Qazlal.
  2508 | D:3      | Noticed an earth elemental
  2508 | D:3      | Noticed a fire elemental
  2508 | D:3      | Noticed a water elemental
  2508 | D:3      | Noticed an air elemental
  2720 | D:3      | Reached XP level 4. HP: 31/33 MP: 4/4
  2724 | D:3      | Reached skill level 2 in Fighting
  2786 | D:3      | Noticed Grinder
  2815 | D:3      | Paralysed by Grinder for 2 turns
  2834 | D:3      | Killed Grinder
  2835 | D:3      | Reached skill level 3 in Fighting
  2835 | D:3      | Gained mutation: You are surrounded by a mild repulsion
                  | field. (EV +2) [demonic ancestry]
  2835 | D:3      | Reached XP level 5. HP: 39/41 MP: 5/5
  3432 | D:3      | Reached XP level 6. HP: 34/47 MP: 6/6
  3752 | D:4      | Found a runed translucent gate.
  3752 | D:4      | Noticed Groucho's ghost (amateur SpEn)
  3752 | D:4      | Noticed an orc warrior
  3753 | D:4      | Found a runed translucent gate.
  3753 | D:4      | Identified the cursed +0 hunting sling of Understanding
                  | {venom, MP+9 Str+3}
  3754 | D:4      | Found a roughly hewn altar of Beogh.
  3754 | D:4      | Found a runed translucent gate.
  3819 | D:4      | Noticed an orc warrior
  4109 | D:3      | Killed an orc warrior
  4413 | D:4      | Reached skill level 4 in Fighting
  4413 | D:4      | Reached XP level 7. HP: 46/54 MP: 7/7
  5266 | D:5      | Entered Level 5 of the Dungeon
  5471 | D:5      | Reached skill level 5 in Fighting
  5481 | D:5      | Reached XP level 8. HP: 59/62 MP: 8/8
  5491 | D:5      | Reached skill level 5 in Dodging
  5511 | D:5      | Reached skill level 5 in Armour
  6596 | D:5      | Noticed Eustachio
  6609 | D:5      | Killed Eustachio
  6610 | D:5      | Reached skill level 6 in Fighting
  7386 | D:6      | Found a staircase to the Ecumenical Temple.
  7553 | D:6      | Gained mutation: A demonic guardian rushes to your aid.
                  | [demonic ancestry]
  7553 | D:6      | Reached XP level 9. HP: 70/71 MP: 9/9
  8106 | D:6      | Reached skill level 7 in Fighting
  8217 | D:6      | Found a hide-covered altar of Uskayaw.
  8393 | D:7      | Found a glowing silver altar of Zin.
  8393 | D:7      | Noticed an angel
  8417 | D:7      | Found a shimmering altar of Xom.
  8837 | D:7      | Found Evasar's General Store.
  9028 | D:7      | Found a burning altar of Makhleb.
  9378 | D:8      | Noticed Maurice
  9408 | D:8      | Killed Maurice
 10015 | D:8      | Bought a +2 hand axe of electrocution for 253 gold pieces
 10057 | D:9      | Got a smoking plate armour
 10088 | D:9      | Reached skill level 8 in Fighting
 10105 | D:9      | Identified the +15 plate armour "Tenesu" {rPois Will+
                  | Str-5} (You found it on level 9 of the Dungeon)
 10285 | D:9      | Found a staircase to the Lair.
 10384 | D:9      | Noticed a troll
 10394 | D:9      | Killed a troll
 10497 | D:9      | Gained mutation: You regenerate a little health from kills.
                  | [demonic ancestry]
 10497 | D:9      | Reached XP level 10. HP: 80/80 MP: 10/10
 10605 | D:10     | Entered Level 10 of the Dungeon
 10605 | D:10     | Found a viscous altar of Jiyva.
 10605 | D:10     | Noticed Grum
 10615 | D:10     | Killed Grum
 10620 | D:10     | Noticed Joseph
 10643 | D:10     | Killed Joseph
 10803 | D:10     | Killed an unseen horror
 11007 | D:10     | Noticed a two-headed ogre
 11016 | D:10     | Killed a two-headed ogre
 11017 | D:10     | Reached skill level 9 in Fighting
 11556 | D:10     | Noticed a manticore
 11562 | D:10     | Killed a manticore
 11699 | D:10     | Noticed Erica
 11723 | D:10     | Killed Erica
 12520 | D:11     | Gained mutation: You are surrounded by a moderate repulsion
                  | field. (EV +3) [demonic ancestry]
 12520 | D:11     | Reached XP level 11. HP: 90/90 MP: 11/11
 12556 | D:11     | Found a staircase to the Orcish Mines.
 12694 | D:11     | Noticed a green ugly thing
 12700 | D:11     | Killed a green ugly thing
 12877 | D:11     | Reached skill level 10 in Fighting
 13046 | D:11     | Got a smoking plate armour
 13058 | D:11     | Found a shadowy altar of Dithmenos.
 13266 | D:11     | Bought a scroll labelled VUAWUXI PESAQ for 38 gold pieces
 13308 | D:11     | Bought a crystal spear for 304 gold pieces
 13309 | D:11     | Identified the cursed +1 plate armour of the Yeti {rC+
                  | Regen+ Str-5} (You found it on level 11 of the Dungeon)
 13310 | D:11     | Identified the +9 spear "Jellyslayer" {freeze, rC+ SInv}
                  | (You bought it in a shop on level 11 of the Dungeon)
 13359 | D:12     | Found a blossoming altar of Fedhas.
 13427 | D:12     | Noticed a purple ugly thing
 13428 | D:12     | Noticed a sphinx
 13435 | D:12     | Noticed an orc warlord
 13439 | D:12     | Killed a purple ugly thing
 13447 | D:12     | Noticed a two-headed ogre
 13448 | D:12     | Killed a sphinx
 13449 | D:12     | Noticed an unseen horror
 13458 | D:12     | Killed a two-headed ogre
 13461 | D:12     | Killed an orc warlord
 13480 | D:12     | Killed an unseen horror
 13481 | D:12     | Reached skill level 10 in Dodging
 13537 | D:12     | Noticed a two-headed ogre
 13542 | D:12     | Got a scorched bone ring
 13548 | D:12     | Killed a two-headed ogre
 13549 | D:12     | Reached skill level 10 in Armour
 13554 | D:12     | Got a jewelled scale mail
 13560 | D:12     | Noticed a centaur warrior
 13569 | D:12     | Killed a centaur warrior
 13623 | D:12     | Reached skill level 11 in Fighting
 13657 | D:12     | Found a gate leading to a gauntlet.
 13673 | Gauntlet | Entered a Gauntlet
 13673 | Gauntlet | Found a transporter.
 13673 | Gauntlet | Found a runed translucent gate.
 13673 | Gauntlet | Found a runed translucent gate.
 13675 | Gauntlet | Found a runed translucent gate.
 13680 | Gauntlet | Found a transporter.
 13682 | Gauntlet | Found a transporter.
 13690 | Gauntlet | Noticed a queen ant
 13715 | Gauntlet | Found a transporter.
 13718 | Gauntlet | Found a transporter.
 13729 | Gauntlet | Found a transporter.
 13745 | Gauntlet | Found a transporter.
 13753 | Gauntlet | Found the +11 plutonium sword {*Contam Stlth-}
 13756 | Gauntlet | Found a transporter.
 13758 | Gauntlet | Noticed a sixfirhy
 13759 | Gauntlet | Noticed a sixfirhy
 13767 | Gauntlet | Found a transporter.
 13782 | Gauntlet | Noticed a green death
 13783 | Gauntlet | Found a transporter.
 13796 | Gauntlet | Noticed a necromancer
 13797 | Gauntlet | Found a transporter.
 13797 | Gauntlet | Found a transporter.
 13839 | Gauntlet | Found a transporter.
 13857 | Gauntlet | Found a transporter.
 14073 | D:12     | Noticed a two-headed ogre
 14083 | D:12     | Killed a two-headed ogre
 14330 | D:13     | Noticed a tengu warrior
 14341 | D:13     | Killed a tengu warrior
 14342 | D:13     | Gained mutation: You are robust. (+10% HP) [demonic
                  | ancestry]
 14342 | D:13     | Reached XP level 12. HP: 93/110 MP: 2/12
 14389 | D:13     | Noticed a tengu warrior
 14400 | D:13     | Killed a tengu warrior
 14722 | D:13     | Identified the ring "Hare" {+Blink rPois} (You found it on
                  | level 12 of the Dungeon)
 14833 | D:13     | Noticed Jorgrun
 14846 | D:13     | Killed Jorgrun
 14850 | D:13     | Noticed an eight-headed hydra
 14864 | D:13     | Killed an eight-headed hydra
 14865 | D:13     | Reached skill level 12 in Fighting
 14922 | D:13     | Paralysed by a hornet for 1 turns
 15110 | D:13     | Got a glimmering scale mail
 15891 | D:14     | Got a smouldering kite shield
 15897 | D:14     | Identified the +5 kite shield "Dowkafiokuo" {rN+ MP+9} (You
                  | found it on level 14 of the Dungeon)
 16237 | D:14     | Noticed a two-headed ogre
 16251 | D:14     | Killed a two-headed ogre
 16259 | D:14     | Noticed an ironheart preserver
 16263 | D:14     | Found a gate to the Vaults.
 16285 | D:14     | Killed an ironheart preserver
 16318 | D:14     | Reached XP level 13. HP: 109/119 MP: 13/13
 16438 | D:14     | Noticed a fire dragon
 16455 | D:14     | Killed a fire dragon
 16542 | D:14     | Noticed a quicksilver dragon
 16548 | D:14     | Killed a quicksilver dragon
 16649 | D:14     | Reached skill level 1 in Axes
 17310 | D:15     | Entered Level 15 of the Dungeon
 17443 | D:14     | Found a large runed translucent door.
 17443 | D:14     | Found a large runed translucent door.
 17643 | D:14     | Got a twisted leather armour
 17663 | D:14     | Identified the +5 scale mail of Sunlight {rPois rF- Str+6
                  | SInv} (You found it on level 13 of the Dungeon)
 17664 | D:14     | Identified the +4 scale mail of the Three Spreadsheets {rN+
                  | rCorr} (You found it on level 12 of the Dungeon)
 17665 | D:14     | Identified the +2 leather armour of the Valley {rElec rN+
                  | Dex+3 SInv} (You found it on level 14 of the Dungeon)
 18213 | D:15     | Reached skill level 13 in Fighting
 18744 | D:15     | Noticed a fire dragon
 18759 | D:15     | Killed a fire dragon
 18773 | D:15     | Found a staircase to the Depths.
 19066 | D:15     | Got a crude mace
 19299 | D:15     | Identified the cursed +0 mace of Tenacity {vorpal, *Rage
                  | rC+ Int+4 Dex-2} (You found it on level 15 of the Dungeon)
 19361 | D:15     | Bought the cursed necklace of Bloodlust {*Rage +Rage Will++
                  | Int-3 Slay+6 *Curse} for 723 gold pieces
 19361 | D:15     | Found the cursed necklace of Bloodlust {*Rage +Rage Will++
                  | Int-3 Slay+6 *Curse}
 19366 | D:15     | Bought an uncursed ring of protection from fire for 450
                  | gold pieces
 19476 | Orc:1    | Entered Level 1 of the Orcish Mines
 19557 | Orc:1    | Found an iron altar of Okawaru.
 19939 | Orc:2    | Entered Level 2 of the Orcish Mines
 19973 | Orc:2    | Noticed Nergalle
 19976 | Orc:2    | Reached skill level 5 in Shields
 20005 | Orc:2    | Killed Nergalle
 20096 | Orc:2    | Gained mutation: You regenerate health from kills. [demonic
                  | ancestry]
 20096 | Orc:2    | Reached XP level 14. HP: 129/129 MP: 14/14
 20118 | Orc:2    | Found a roughly hewn altar of Beogh.
 20125 | Orc:2    | Noticed an orc warlord
 20147 | Orc:2    | Killed an orc warlord
 20193 | Orc:2    | Found Alilin's General Store.
 20214 | Orc:2    | Found Feleezu's Antique Armour Shop.
 20390 | Orc:2    | Found Ruifolil's Jewellery Shop.
 20397 | Orc:2    | Bought a cursed -4 ring of slaying for 22 gold pieces
 20407 | Orc:2    | Found Miunlupe's Antique Weapon Shop.
 20414 | Orc:2    | Bought a shimmering scimitar for 297 gold pieces
 20415 | Orc:2    | Identified the +4 scimitar of Obsession {vorpal, *Corrode
                  | rN+ Str+2 Int+3} (You bought it in a shop on level 2 of the
                  | Orcish Mines)
 20434 | Orc:2    | Found a staircase to the Elven Halls.
 20893 | Lair:1   | Entered Level 1 of the Lair of Beasts
 21495 | Lair:1   | Reached skill level 5 in Axes
 21758 | Lair:2   | Got a slimy leather armour
 21810 | Lair:2   | Found a hole to the Spider Nest.
 22169 | Lair:2   | Found an ornate altar of the Wu Jian Council.
 23362 | Lair:3   | Identified the cursed +1 leather armour of the Cobbler
                  | {+Inv} (You found it on level 2 of the Lair of Beasts)
 23513 | Lair:4   | Found a staircase to the Shoals.
 24246 | Lair:4   | Found a blossoming altar of Fedhas.
 24652 | Lair:5   | Found a runed translucent door.
 24773 | Lair:5   | Reached skill level 14 in Fighting
 24941 | Lair:5   | Found a staircase to the Slime Pits.
 25434 | Lair:5   | Reached XP level 15. HP: 123/138 MP: 15/15
 25914 | Lair:5   | Got a transparent pewter ring
 25963 | Lair:6   | Entered Level 6 of the Lair of Beasts
 26424 | Lair:6   | Found a runed translucent door.
 26652 | Lair:6   | Identified the ring "Xebb" {rPois Int+4} (You found it on
                  | level 5 of the Lair of Beasts)
 27761 | D:15     | Bought a +1 war axe of flaming for 186 gold pieces
 27940 | Spider:1 | Entered Level 1 of the Spider Nest
 28327 | Spider:1 | Paralysed by a hornet for 1 turns
 28381 | Spider:2 | Noticed a ghost moth
 28389 | Spider:2 | Killed a ghost moth
 29652 | Spider:3 | Noticed a ghost moth
 29656 | Spider:3 | Killed a ghost moth
 29675 | Spider:3 | Paralysed by a hornet for 3 turns
 29905 | Spider:4 | Entered Level 4 of the Spider Nest
 29932 | Spider:4 | Gained mutation: You have a pair of horns on your head.
                  | [demonic ancestry]
 29932 | Spider:4 | Reached XP level 16. HP: 147/147 MP: 16/16
 30599 | Spider:4 | Reached skill level 15 in Fighting
 30900 | Spider:4 | Got a gossamer rune of Zot
 30965 | Spider:3 | Found a runed translucent door.
 30965 | Spider:3 | Found a shimmering altar of Xom.
 30965 | Spider:3 | Identified the +7 demon whip of the Peculiar Prophets
                  | {chaos, rF+ Will+ SInv}
 30965 | Spider:3 | Noticed execc's ghost (adept VSAr)
 31287 | Depths:1 | Entered Level 1 of the Depths
 31398 | D:15     | Bought an ivory long sword for 178 gold pieces
 31400 | D:15     | Identified the +11 long sword of Iwit {flame, +Blink Dex+3}
                  | (You bought it in a shop on level 15 of the Dungeon)
 31627 | Shoals:1 | Entered Level 1 of the Shoals
 32236 | Shoals:4 | Entered Level 4 of the Shoals
 32274 | Shoals:4 | Reached skill level 1 in Throwing
 32306 | Shoals:4 | Got an ichor-stained chain mail
 32565 | Shoals:4 | Got jewelled storm dragon scales
 32645 | Shoals:4 | Identified the cursed +1 chain mail of the Immovable Lives
                  | {Int+4} (You found it on level 4 of the Shoals)
 32664 | Shoals:4 | Identified the +1 storm dragon scales of Bojoez {rElec rF+
                  | Will- Str+7} (You found it on level 4 of the Shoals)
 32739 | Shoals:4 | Got a translucent bone ring
 32808 | Shoals:4 | Identified the ring "Baev Ese" {Ice rPois Str+3 Dex+4} (You
                  | found it on level 4 of the Shoals)
 32973 | Shoals:4 | Reached skill level 5 in Throwing
 33116 | Shoals:4 | Got a twisted rapier
 33117 | Shoals:4 | Identified the cursed +0 rapier "Hisaraot" {vorpal,
                  | *Corrode +Fly Dex+4} (You found it on level 4 of the
                  | Shoals)
 33270 | Shoals:4 | Gained mutation: You have a pair of large horns on your
                  | head. [demonic ancestry]
 33270 | Shoals:4 | Reached XP level 17. HP: 111/156 MP: 17/17
 33288 | Shoals:4 | Got a barnacled rune of Zot
 33769 | D:15     | Bought a +0 vorpal broad axe for 112 gold pieces
 34162 | Depths:1 | Noticed an acid blob
 34162 | Depths:1 | Noticed an acid blob
 34162 | Depths:1 | Noticed an acid blob
 34162 | Depths:1 | Noticed an acid blob
 34182 | Depths:1 | Killed an acid blob
 34512 | Vaults:1 | Entered Level 1 of the Vaults
 35505 | Vaults:1 | Reached skill level 10 in Throwing
 35677 | Vaults:1 | Found a large runed translucent door.
 35677 | Vaults:1 | Found a large runed translucent door.
 35677 | Vaults:1 | Noticed Feagond's ghost (adept HOMo)
 35677 | Vaults:1 | Noticed Zotwa's ghost (adept GnSk)
 35977 | Vaults:1 | Killed Zotwa's ghost
 36112 | Vaults:1 | HP: 1/156 [Feagond's ghost (19)]
 37172 | Vaults:2 | Chiseanne: what a total crap
 37172 | Vaults:2 | Chiseanne: you suck
 37234 | Vaults:2 | Found Vuschedd's Antique Weapon Emporium.
 37348 | Vaults:2 | Gained mutation: You are very robust. (+20% HP) [demonic
                  | ancestry]
 37348 | Vaults:2 | Reached XP level 18. HP: 78/178 MP: 18/18
 37576 | Vaults:2 | Found a staircase to the Crypt.
 38464 | Vaults:3 | Noticed Asterion
 38476 | Vaults:3 | Killed Asterion
 39113 | Vaults:3 | Noticed a lich
 39142 | Vaults:3 | Killed a lich
 39163 | Vaults:3 | Identified the cursed +0 helmet of the Shrike {*Corrode
                  | rPois Str+3 Dex+4} (You found it on level 3 of the Vaults)
 39485 | Vaults:3 | Reached skill level 10 in Shields
 40051 | Vaults:3 | Noticed Sojobo
 40790 | Vaults:3 | Killed Sojobo
 41321 | Vaults:4 | Gained mutation: You are extremely robust. (+30% HP)
                  | [demonic ancestry]
 41321 | Vaults:4 | Reached XP level 19. HP: 178/201 MP: 19/19
 41464 | Vaults:4 | Identified the ring "Qexty" {rF+ rCorr Dex+2 Stlth+}
 41482 | Vaults:4 | Reached skill level 10 in Axes
 41782 | Vaults:4 | Noticed Frederick
 41792 | Vaults:4 | Killed Frederick
 41991 | Vaults:4 | Found Irholudgh's Gadget Emporium.
 42936 | D:15     | Bought the amulet "Tucwiczi" {Reflect rF+ rC+ Will+ SH+5}
                  | for 792 gold pieces
 43015 | D:15     | Bought the +4 fustibalus "Biamm" {venom, rN+ Stlth+} for
                  | 728 gold pieces
 43043 | D:15     | Reached skill level 15 in Dodging
 43227 | Depths:1 | Reached skill level 1 in Slings
 43227 | Depths:1 | Reached skill level 15 in Armour
 43478 | Depths:1 | Found a gateway to Hell.
 43502 | Depths:1 | You fall into a shaft and drop 1 floor!
 43847 | Depths:2 | Noticed a golden dragon
 43865 | Depths:2 | Killed a golden dragon
 43957 | Depths:2 | Noticed Bai Suzhen
 43992 | Depths:2 | Killed Bai Suzhen
 44346 | Depths:2 | Found a one-way gate to the infinite horrors of the Abyss.
 44452 | Depths:2 | Noticed Aizul
 44466 | Depths:2 | Killed Aizul
 44636 | Depths:2 | Reached XP level 20. HP: 195/210 MP: 20/20
 44710 | Depths:2 | Got a twisted hand crossbow
 44733 | Depths:2 | Identified the +10 hand crossbow of Iramalui {speed, rPois
                  | rF+ Str-4} (You found it on level 2 of the Depths)
 45307 | Depths:1 | Reached skill level 5 in Slings
 45507 | Depths:1 | Paralysed by a great orb of eyes for 3 turns
 46039 | Depths:2 | Noticed a juggernaut
 46051 | Depths:2 | Killed a juggernaut
 46131 | Depths:2 | Identified Huerhetha's Papyrus of Creation and Feathers
 46136 | Depths:2 | Got a scorched plate armour
 46142 | Depths:2 | Identified the +14 plate armour of the Crypt {Will- Str+6
                  | Int+4} (You found it on level 2 of the Depths)
 46647 | Depths:3 | Paralysed by a sphinx for 4 turns
 46975 | Depths:3 | Noticed a golden dragon
 46994 | Depths:3 | Killed a golden dragon
 47215 | Depths:3 | Found a one-way gate leading to the halls of Pandemonium.
 47303 | Depths:3 | You fall into a shaft and drop 2 floors!
 47303 | Depths:5 | Entered Level 5 of the Depths
 47303 | Depths:5 | Found a portal to a secret trove of treasure.
 47313 | Depths:5 | Noticed a bone dragon
 47313 | Depths:5 | Noticed a bone dragon
 47360 | Depths:5 | Killed a bone dragon
 47365 | Depths:5 | Reached skill level 1 in Crossbows
 47372 | Depths:5 | Killed a bone dragon
 47373 | Depths:5 | Reached skill level 1 in Evocations
 47373 | Depths:5 | Gained mutation: You are surrounded by a strong repulsion
                  | field. (EV +4, RMsl) [demonic ancestry]
 47373 | Depths:5 | Reached XP level 21. HP: 62/218 MP: 21/21
 47669 | Depths:5 | Reached skill level 5 in Evocations
 47810 | Depths:5 | Found Pagamue's Magic Scroll Emporium.
 47816 | Depths:5 | Bought a scroll of teleportation for 51 gold pieces
 47816 | Depths:5 | Bought a scroll of blinking for 127 gold pieces
 47816 | Depths:5 | Bought a scroll of enchant weapon for 127 gold pieces
 47816 | Depths:5 | Bought a scroll of brand weapon for 340 gold pieces
 47816 | Depths:5 | Bought a scroll of identify for 34 gold pieces
 47816 | Depths:5 | Bought a scroll of identify for 34 gold pieces
 47816 | Depths:5 | Bought a scroll of teleportation for 51 gold pieces
 47857 | Depths:5 | Reached skill level 5 in Crossbows
 48366 | Depths:5 | Paralysed by something for 7 turns
 48676 | Depths:5 | Found a gate to the Realm of Zot.
 48765 | Depths:4 | Noticed Mennas
 48792 | Depths:4 | Killed Mennas
 49135 | Depths:4 | Noticed a caustic shrike
 49156 | Depths:4 | Killed a caustic shrike
 49239 | Depths:4 | Noticed a caustic shrike
 49255 | Depths:4 | Killed a caustic shrike
 49377 | Depths:4 | Identified the Catalogue of Earthen Hexes
 49433 | Depths:4 | Reached XP level 22. HP: 220/227 MP: 22/22
 49535 | Depths:4 | Reached skill level 10 in Evocations
 49648 | Depths:4 | Noticed Boris
 49660 | Depths:4 | Killed Boris
 49831 | Depths:4 | Reached skill level 10 in Crossbows
 50171 | Depths:4 | Found a gateway to a ziggurat.
 50664 | D:15     | Bought a pair of glowing boots for 217 gold pieces
 51336 | Depths:3 | Identified the cursed +1 leather armour of Taeluw {rF+ rN+
                  | Str-3 Stlth+} (You found it on level 3 of the Depths)
 51441 | D:15     | Bought 3 silver javelins for 79 gold pieces
 51603 | Crypt:1  | Entered Level 1 of the Crypt
 51636 | Crypt:1  | Noticed Boris
 51668 | Vaults:2 | Killed Boris
 52993 | Crypt:2  | Gained mutation: A powerful demonic guardian rushes to your
                  | aid. [demonic ancestry]
 52993 | Crypt:2  | Reached XP level 23. HP: 191/235 MP: 23/23
 53020 | Crypt:2  | Paralysed by a lich for 5 turns
 53055 | Crypt:2  | Found a runed translucent door.
 53055 | Crypt:2  | Noticed Waammiq's ghost (veteran GrEE)
 57006 | Crypt:2  | Got a fine fustibalus
 57007 | Crypt:2  | Identified the +9 fustibalus "Rineuree" {freeze, +Fly rPois
                  | Int-4 Stlth+} (You found it on level 2 of the Crypt)
 57364 | Crypt:2  | Killed Waammiq's ghost
 57407 | Crypt:3  | Entered Level 3 of the Crypt
 57710 | Crypt:3  | Noticed Margery
 57712 | Crypt:3  | Found a staircase to the Tomb.
 57721 | Crypt:3  | Killed Margery
 57944 | Crypt:3  | Reached skill level 15 in Shields
 57972 | Crypt:3  | Paralysed by something for 5 turns
 58098 | Crypt:3  | Found an ancient bone altar of Kikubaaqudgha.
 58119 | Crypt:3  | Found a basalt altar of Yredelemnul.
 58166 | Crypt:3  | Got a slimy iron ring
 58196 | Crypt:3  | Got a faintly glowing amber ring
 58196 | Crypt:3  | Got a heavily runed brass ring
 58384 | Crypt:3  | Found a runed translucent gate.
 58504 | Crypt:3  | Reached skill level 5 in Stealth
 58515 | Crypt:3  | Identified the ring "Qoojiump" {Int+4 Stlth-} (You found it
                  | on level 3 of the Crypt)
 58519 | Crypt:3  | Identified the ring "Ilathuit" {rPois rC++ rN+ Dex-2
                  | Stlth-} (You found it on level 3 of the Crypt)
 58520 | Crypt:3  | Identified the ring "Qammupu" {rN+ Dex+2} (You found it on
                  | level 3 of the Crypt)
 58583 | Crypt:3  | Found a runed translucent gate.
 58583 | Crypt:3  | Found a runed translucent gate.
 58593 | Crypt:3  | Noticed Qugot's ghost (veteran FoFi)
 59282 | Vaults:5 | Entered Level 5 of the Vaults
 59293 | Vaults:5 | Noticed an ancient lich
 59342 | Vaults:5 | Reached skill level 10 in Stealth
 59395 | Vaults:5 | Gained mutation: You regenerate a lot of health from kills.
                  | [demonic ancestry]
 59395 | Vaults:5 | Reached XP level 24. HP: 244/245 MP: 23/23
 59395 | Vaults:5 | Noticed Jory
 59409 | Vaults:5 | Killed Jory
 59438 | Vaults:5 | Killed an ancient lich
 60005 | Vaults:5 | Identified the Incunabulum of Unstable Contamination
 60044 | Vaults:5 | Identified the ring "Poytoifuli" {+Blink rElec rCorr Str-3
                  | Int-4}
 60108 | Vaults:5 | Identified the ring "Lurugheb" {Will- Str+6 Int+2 Dex+6}
 60278 | Vaults:5 | Got a silver rune of Zot
 60285 | Vaults:5 | Identified the Disquisition on Hexes and Summoning
 60556 | Vaults:5 | Identified the +12 flail "Witesuh" {vorpal, rElec Str-3
                  | Stlth+} (You found it on level 5 of the Vaults)
 60570 | Vaults:5 | Got a heavily runed steel ring
 60576 | Vaults:5 | Got a slimy crystal plate armour
 60577 | Vaults:5 | Identified the +4 crystal plate armour "Byar" {+Blink MP+9
                  | Slay+4 Stlth-} (You found it on level 5 of the Vaults)
 60578 | Vaults:5 | Identified the ring of Tesoco Bood {AC+4 Str+4 Dex+6} (You
                  | found it on level 5 of the Vaults)
 60777 | Vaults:5 | Identified the Incunabulum of Changing and Necromancy
 61205 | D:15     | Bought a pair of embroidered gloves for 180 gold pieces
 61246 | D:15     | Bought a slimy ring mail for 216 gold pieces
 61246 | D:15     | Bought an ancient chain mail for 228 gold pieces
 61250 | D:15     | Identified the +1 ring mail of Panentheism {Str+7} (You
                  | bought it in a shop on level 15 of the Dungeon)
 61252 | D:15     | Identified the +10 chain mail "Imoac" {Int+4} (You bought
                  | it in a shop on level 15 of the Dungeon)
 61486 | Zig:1    | Entered Level 1 of a ziggurat
 61520 | Zig:2    | Entered Level 2 of a ziggurat
 61526 | Zig:2    | Gained mutation: Your body sometimes deteriorates upon
                  | taking damage. [a shining eye]
 61527 | Zig:2    | Gained mutation: You are occasionally teleported next to
                  | monsters. [a shining eye]
 61545 | Zig:3    | Entered Level 3 of a ziggurat
 61581 | Zig:4    | Entered Level 4 of a ziggurat
 61636 | Zig:5    | Entered Level 5 of a ziggurat
 61689 | Zig:5    | Got a translucent ivory ring
 61690 | Zig:5    | Identified the ring of Ziykhlide {Wiz +Blink +Fly rElec
                  | Stlth+} (You found it on level 5 of a ziggurat)
 61703 | Zig:5    | Got an ichor-stained ring mail
 61705 | Zig:5    | Identified the cursed +1 ring mail of the Desert {rCorr
                  | MP+9 Str+3} (You found it on level 5 of a ziggurat)
 61708 | Zig:5    | Reached XP level 25. HP: 253/253 MP: 23/23
 61710 | Zig:6    | Entered Level 6 of a ziggurat
 61741 | Zig:6    | Reached skill level 15 in Crossbows
 61779 | Zig:7    | Entered Level 7 of a ziggurat
 61865 | Zig:7    | Got a twitching garnet amulet
 61866 | Zig:7    | Identified the amulet of the Pariah {Acrobat rElec Dex+3}
                  | (You found it on level 7 of a ziggurat)
 61869 | Zig:7    | Got a shimmering leather armour
 61870 | Zig:7    | Identified the cursed +0 leather armour of Pandemonium
                  | {Rampage Stlth+} (You found it on level 7 of a ziggurat)
 61881 | Zig:8    | Entered Level 8 of a ziggurat
 62006 | Zig:8    | Identified the +0 leather armour of Kleptomania {rC+ rCorr
                  | Dex-3} (You found it on level 8 of a ziggurat)
 62019 | Zig:8    | Got a pitted tin amulet
 62020 | Zig:8    | Identified the amulet "Qegoyshat" {Spirit Str+6 Int-4
                  | Dex+3} (You found it on level 8 of a ziggurat)
 62024 | Zig:9    | Entered Level 9 of a ziggurat
 62174 | Zig:10   | Entered Level 10 of a ziggurat
 62282 | Zig:10   | Got a coiled tin ring
 62283 | Zig:10   | Identified the ring of Liberty {rF+ Str+3 Int+4 Dex+4} (You
                  | found it on level 10 of a ziggurat)
 62302 | Zig:10   | Got a bound emerald amulet
 62303 | Zig:10   | Identified the amulet of Wixeinuc {Inacc Str-4 Dex+4
                  | Stlth+} (You found it on level 10 of a ziggurat)
 62312 | Zig:10   | Identified the +2 helmet "Sajy" {rPois rF- Dex+3} (You
                  | found it on level 10 of a ziggurat)
 62316 | Zig:11   | Entered Level 11 of a ziggurat
 62378 | Zig:11   | Reached XP level 26. HP: 259/265 MP: 23/23
 62476 | Zig:11   | Got a spiked leather armour
 62477 | Zig:11   | Identified the cursed +1 leather armour of Ashenzari's Whim
                  | {rPois} (You found it on level 11 of a ziggurat)
 62487 | Zig:11   | Got a twitching zirconium amulet
 62488 | Zig:11   | Identified the amulet of Zibufos {Faith rPois} (You found
                  | it on level 11 of a ziggurat)
 62509 | Zig:12   | Entered Level 12 of a ziggurat
 62520 | Zig:12   | Noticed Teah the pandemonium lord
 62577 | Zig:12   | Reached skill level 16 in Fighting
 62588 | Zig:12   | Killed Teah the pandemonium lord
 62639 | Zig:12   | Identified the +11 morningstar "Impbane" {holy, rPois rN+
                  | Int+3} (You found it on level 12 of a ziggurat)
 62654 | Zig:13   | Entered Level 13 of a ziggurat
 62757 | Zig:13   | Got a heavily runed turquoise ring
 62758 | Zig:13   | Identified the ring "Efubun" {rC+ rCorr Str+4 Dex+2 Slay+3}
                  | (You found it on level 13 of a ziggurat)
 62777 | Zig:14   | Entered Level 14 of a ziggurat
 62790 | Zig:14   | Lost mutation: You are occasionally teleported next to
                  | monsters. [potion of mutation]
 62790 | Zig:14   | Lost mutation: Your body sometimes deteriorates upon taking
                  | damage. [potion of mutation]
 62790 | Zig:14   | Gained mutation: Potions are less effective at restoring
                  | your health. [potion of mutation]
 62790 | Zig:14   | Gained mutation: You evolve. [potion of mutation]
 62790 | Zig:14   | Gained mutation: You have sharp toenails. [potion of
                  | mutation]
 63068 | Zig:14   | Reached XP level 27. HP: 276/276 MP: 23/23
 63074 | Zig:14   | Identified Sif Muna's Compendium of Freezing Toxins
 63080 | Zig:15   | Entered Level 15 of a ziggurat
 63104 | Zig:15   | Reached skill level 17 in Fighting
 63117 | Zig:15   | Noticed an ancient lich
 63134 | Zig:15   | Killed an ancient lich
 63135 | Zig:15   | Noticed an ancient lich
 63153 | Zig:15   | Killed an ancient lich
 63178 | Zig:15   | Found the +8 Wrath of Trog {antimagic, *Rage}
 63242 | Zig:15   | Got a translucent granite ring
 63243 | Zig:15   | Identified the ring "Jiyvacet" {rF+ rN+ Int+6 Dex+4} (You
                  | found it on level 15 of a ziggurat)
 63251 | Zig:15   | Got a brightly glowing pewter ring
 63252 | Zig:15   | Identified the ring "Zomiasch" {Ice rElec Int+4} (You found
                  | it on level 15 of a ziggurat)
 63253 | Zig:15   | Identified Fuluunn's Handbook of Evil Rites and the
                  | Arsonist
 63267 | Zig:15   | Identified the +1 ring mail of Relativism {rCorr Str+3}
                  | (You found it on level 15 of a ziggurat)
 63270 | Zig:16   | Entered Level 16 of a ziggurat
 63276 | Zig:16   | Noticed an orb of fire
 63288 | Zig:16   | Gained mutation: Potions are poor at restoring your health.
                  | [an orb of fire]
 63291 | Zig:16   | Noticed an orb of fire
 63292 | Zig:16   | Gained mutation: You are clumsy. (Dex -2) [an orb of fire]
 63293 | Zig:16   | Noticed an orb of fire
 63298 | Zig:16   | Gained mutation: Potions cannot restore your health. [an
                  | orb of fire]
 63301 | Zig:16   | Gained mutation: You are occasionally teleported next to
                  | monsters. [an orb of fire]
 63306 | Zig:16   | Gained mutation: You are dopey. (Int -2) [an orb of fire]
 63306 | Zig:16   | Lost mutation: You evolve. [an orb of fire]
 63316 | Zig:16   | Got a shimmering silver ring
 63319 | Zig:16   | Got a faintly glowing jade ring
 63322 | Zig:17   | Entered Level 17 of a ziggurat
 63411 | Zig:17   | Lost mutation: You are occasionally teleported next to
                  | monsters. [potion of mutation]
 63411 | Zig:17   | Lost mutation: Potions cannot restore your health. [potion
                  | of mutation]
 63411 | Zig:17   | Lost mutation: You have sharp toenails. [potion of
                  | mutation]
 63411 | Zig:17   | Lost mutation: You are dopey. (Int -2) [potion of mutation]
 63411 | Zig:17   | Gained mutation: Scrolls take you a little longer to read.
                  | [potion of mutation]
 63411 | Zig:17   | Gained mutation: You possess an exceptional clarity of
                  | mind. [potion of mutation]
 63411 | Zig:17   | Gained mutation: Your natural rate of healing is unusually
                  | fast. [potion of mutation]
 63411 | Zig:17   | Gained mutation: You have an increased reservoir of magic.
                  | (+10% MP) [potion of mutation]
 63412 | Zig:17   | Lost mutation: Potions are poor at restoring your health.
                  | [potion of mutation]
 63412 | Zig:17   | Lost mutation: You are clumsy. (Dex -2) [potion of
                  | mutation]
 63412 | Zig:17   | Gained mutation: Your muscles are strong. (Str +2) [potion
                  | of mutation]
 63412 | Zig:17   | Gained mutation: Your muscles are very strong. (Str +4)
                  | [potion of mutation]
 63413 | Zig:17   | Lost mutation: Scrolls take you a little longer to read.
                  | [potion of mutation]
 63413 | Zig:17   | Lost mutation: Potions are less effective at restoring your
                  | health. [potion of mutation]
 63413 | Zig:17   | Gained mutation: Your mind is acute. (Int +2) [potion of
                  | mutation]
 63450 | Zig:17   | Identified the Almanac of Dusty Glamour
 63464 | Zig:17   | Identified the ring "Qecab Qiung" {rElec rC- Str+2 Int+6
                  | Dex+6} (You found it on level 16 of a ziggurat)
 63490 | Zig:17   | Got a pair of twisted boots
 63507 | Zig:17   | Identified the +2 pair of boots of Mol Erch {Str+2 Dex+2}
                  | (You found it on level 17 of a ziggurat)
 63523 | Zig:18   | Entered Level 18 of a ziggurat
 63560 | Zig:18   | Reached skill level 18 in Fighting
 63568 | Zig:18   | HP: 6/282 [deep elf blademaster/+0 short sword (12)]
 63568 | Zig:18   | Slain by a deep elf blademaster

Illustrated notes

Levels and vault maps discovered:
D:1:      sevenhm_arrival_forest_fort_large_4, layout_loops_ring
D:2:      layout_basic, minitemple, trog_butcher_becter
D:3:      cheibrodos_fertilizer, layout_rooms, nicolae_qazlal_style_of_elements,
          serial_rivers, chequers_serial_rivers_large_b,
          chequers_serial_rivers_micro_e, chequers_serial_rivers_micro_d,
          chequers_serial_rivers_small_b, chequers_serial_rivers_micro_d,
          chequers_serial_rivers_room_a, uniq_grinder
D:4:      layout_rooms, biasface_ghost_orc_armoury, minmay_crystal_water
D:5:      kennysheep_steamy, layout_basic, minmay_misc_feat_x, uniq_eustachio
D:6:      layout_loops_corners, nicolae_overflow_crystal_walls,
          minmay_temple_entry_junction_2, glass_columns_b
D:7:      layout_cave_pools, grunt_temple_overflow_order_and_chaos_1,
          kennysheep_little_box, serial_shops, kennysheep_mini_moat
D:8:      layout_gridville, uniq_maurice
D:9:      layout_rooms, lair_entry_dummy
D:10:     layout_gridville, jiyva_altar_1, uniq_grum, uniq_joseph, uniq_erica
D:11:     layout_loops_ring, hiddenorc2_lemuel, grunt_dithmenos_shadows
D:12:     minmay_strange_plus, layout_rooms, gauntlet_entry_generic,
          david_defended_altar_elf
D:13:     layout_cave_pools, uniq_jorgrun
D:14:     layout_loops_ring, skrybe_vaults_entry_preservation, minivault_26,
          lightli_elemental_guards
D:15:     grunt_enter_depths_hoard, layout_basic,
          chequers_serial_rivers_small_b, serial_glass, glass_columns_b,
          glass_columns_b, item_on_display_a, minmay_strange_pillars,
          feat_on_display
Lair:1:   beast_lair_carwin_large_4, layout_chaotic_city
Lair:2:   layout_regular_city, spider_nest_entry_a, basic_altar,
          beast_lair_carwin_3
Lair:3:   layout_gridlike, ldierk_geyser, grunt_megastairs_4
Lair:4:   layout_loops_ring, elwin_shoals_entry_rocks, tgw_fedhas
Lair:5:   gammafunk_mikee_crab_dinner, layout_regular_city,
          minmay_slime_entry_oklob_enclosed, nicolae_quartered_pool_super
Lair:6:   wormcave, layout_loops_ring, guppyfry_lair_end_dragon,
          minmay_lair_oklob_bushes, chequers_serial_rivers_large_a
Shoals:1: layout_shoals, st_sunken_temple
Shoals:2: layout_shoals, uniq_polyphemus
Shoals:3: layout_shoals
Shoals:4: shoals_end_simple, layout_shoals
Spider:1: layout_spider_delve, uniq_azrael, uniq_kirke
Spider:2: layout_spider_delve, guppyfry_spider_mini_1
Spider:3: layout_spider_delve, ebering_ghost_xom,
          hangedman_spider_tarantella_strand
Spider:4: spider_rune_water
Orc:1:    layout_caves, okawaru_metal_pillars_1_2
Orc:2:    grunt_orc_cross, layout_caves, nicolae_volcano_entry_vermiform
Vaults:1: advil_vaults_ghost_guards, v_alt_pattern_6, hangedman_vaults_trim,
          nicolae_vaults_ninety_degrees, v_misc_22, v_misc_28,
          hangedman_vaults_maws, v_misc_24, nicolae_vaults_sealed_display,
          vaults_dpeg_hooks, layout_vaults_omnicross
Vaults:2: nicolae_vaults_angled_halls, minmay_crypt_entry_simple_box, v_misc_27,
          v_misc_30, nicolae_vaults_yaktaur_gun_rack, v_misc_23,
          nicolae_vaults_circle_grid_a, grunt_vaults_hallway_short,
          vaults_dpeg_diagonal, vaults_room_door_ring, layout_vaults_omnigrid,
          serial_shops, nicolae_shop_statue_plus
Vaults:3: v_misc_3, vaults_room_door_ring, nicolae_vaults_little_squares_5,
          nicolae_vaults_triangles, vaults_mumra_hex, v_alt_pattern_5,
          vaults_room_ringed_pool, nicolae_vaults_little_squares_6,
          nicolae_vaults_diagonal_hallway_9, nicolae_vaults_big_ls,
          hangedman_vaults_capsules, nicolae_vaults_back_hallway,
          ontoclasm_vaults_ring_square, ontoclasm_vaults_shout, v_misc_8,
          serial_ice_g, nicolae_vaults_little_squares_1, layout_vaults_omnibox,
          uniq_asterion, uniq_sojobo
Vaults:4: v_pattern_2, v_misc_23, grunt_vaults_hallway_short,
          nicolae_vaults_twisting_passages, v_misc_14,
          ontoclasm_vaults_ring_square, nicolae_vaults_network_barrier,
          nicolae_vaults_little_squares_2, layout_vaults_maze_snakey,
          serial_shops, shop, portal_desolation_entry_garden, mu_enter_wizlab_1,
          uniq_frederick
Vaults:5: serial_shops, uniq_jory
Crypt:1:  layout_regular_city, feat_on_display
Crypt:2:  layout_regular_city, ebering_ghost_inner_flame, feat_on_display
Crypt:3:  lightli_unholy_cathedral, layout_chaotic_city,
          gammafunk_ghost_spectres, uniq_margery
Depths:1: layout_roguey [special_room_jelly], hellmouth_3,
          hangedman_decor_opposing, special_room [special_room_jelly],
          serial_sigils_hangedman_gnaw
Depths:2: minmay_the_grid_octo_tiled_octocenter [minmay_the_grid_octo_teeth,
          minmay_the_grid_octo_focus, minmay_the_grid_octo_tetromino_candy,
          minmay_the_grid_octo_odd_swirl,
          minmay_the_grid_octo_prize_ultimate_mussel_roller,
          minmay_the_grid_square_5x5_trominoes,
          minmay_the_grid_square_5x5_n_small,
          minmay_the_grid_square_5x5_half_checkered,
          minmay_the_grid_square_5x5_fat_x], layout_cave_shapes, serial_rivers,
          chequers_serial_rivers_micro_d, chequers_serial_rivers_marsh,
          chequers_serial_rivers_small_a, chequers_serial_rivers_small_a,
          chequers_serial_rivers_room_a, chequers_serial_rivers_micro_b,
          grunt_metal_band, abyss_entry_small_statue_room, uniq_bai_suzhen,
          uniq_aizul
Depths:3: hangedman_crystal_crosses_colossus [crystal_crosses_arms_four,
          crystal_crosses_arms_two, crystal_crosses_arms_one,
          crystal_crosses_arms_one], hell_entry, serial_shops, pan_entry
Depths:4: lemuel_traditional_vault, layout_honeycomb, enter_ziggurat_b,
          abyss_entry_glasseish, corexii_corridor_pit, hell_entry,
          serial_rivers, chequers_serial_rivers_room_b,
          chequers_serial_rivers_room_a, chequers_serial_rivers_marsh,
          chequers_serial_rivers_micro_c, uniq_mennas, uniq_boris
Depths:5: grunt_zot_entry_alcove, layout_gridlike, nicolae_trove_entry_isolated,
          hangedman_abyss_entry_splay, minmay_misc_feat_columns, serial_shops,
          nicolae_shop_statue_plus, hell_entry, nrook_mini_vaults,
          chequers_jeans, minmay_starry_boxes
Zig:18:   ziggurat_pillar_abc, ziggurat_pillar_abc, ziggurat_pillar_abc,
          ziggurat_pillar_abc

Skill      XL: |  1  2  3  4  5  6  7  8  9 10 11 12 13 14 15 16 17 18 19 20 21 22 23 24 25 26 27 |
---------------+----------------------------------------------------------------------------------+-----
Fighting       | 1 3 4 5 6 8 9 11 12 13 14 15 16 18 | 18.0
Armour         | 1 2 3 4 6 7 9 10 11 12 13 14 15 16 17 | 17.2
Dodging        | 2 3 4 6 7 9 10 11 12 13 14 15 16 17 | 17.3
Shields        | 2 5 7 8 9 10 11 12 14 15 16 17 | 17.7
Axes           | 3 6 7 9 11 12 | 12.1
Throwing       | 5 12 14 | 14.4
Slings         | 4 6 8 |  8.0
Crossbows      | 2 8 12 13 14 15 | 15.0
Evocations     | 1 9 10 | 10.8
Stealth        | 12 14 | 14.0
Short Blades   | |  1.7
Fire Magic     | |  1.7
Earth Magic    | |  2.6

Action                   |  1- 3 |  4- 6 |  7- 9 | 10-12 | 13-15 | 16-18 | 19-21 | 22-24 | 25-27 || total
-------------------------+-------+-------+-------+-------+-------+-------+-------+-------+-------++-------
Melee: Short sword       |   142 |   152 |   194 |       |       |       |       |       |       ||   488
       Headbutt          |    20 |    29 |    76 |   125 |   233 |   369 |   512 |   639 |   163 ||  2166
       Rapier            |       |       |   177 |   186 |     7 |       |       |       |       ||   370
       Hand axe          |       |       |    36 |    92 |       |       |       |       |       ||   128
       Quarterstaff      |       |       |       |    55 |       |       |       |       |       ||    55
       Spear             |       |       |       |   322 |   310 |    72 |    10 |   102 |       ||   816
       Battleaxe         |       |       |       |    25 |       |       |       |       |       ||    25
       War axe           |       |       |       |       |   768 |  1277 |  1238 |  1302 |       ||  4585
       Scimitar          |       |       |       |       |    35 |       |       |       |       ||    35
       Broad axe         |       |       |       |       |       |       |       |    66 |   407 ||   473
 Fire: Fustibalus        |       |       |       |       |       |       |    54 |     6 |   137 ||   197
       Hand crossbow     |       |       |       |       |       |       |    22 |    25 |     5 ||    52
Throw: Dart              |       |     6 |       |    20 |    63 |    40 |       |       |       ||   129
       Boomerang         |       |       |       |       |       |     9 |       |       |       ||     9
       Javelin           |       |       |       |       |       |    13 |    25 |       |       ||    38
Invok: Call Merchant     |       |       |     1 |     1 |     3 |     2 |     2 |     3 |       ||    12
       Potion Petition   |       |       |       |       |       |       |       |       |     2 ||     2
Evoke: Wand              |       |     4 |    10 |     8 |    21 |     6 |     8 |     6 |     5 ||    68
       Lightning rod     |       |       |       |       |    12 |    10 |     5 |       |     1 ||    28
       Tin of tremorston |       |       |       |       |     2 |     4 |     2 |       |       ||     8
       Condenser vane    |       |       |       |       |     1 |     2 |     1 |       |     1 ||     5
       Box of beasts     |       |       |       |       |       |     1 |       |       |       ||     1
       Phantom mirror    |       |       |       |       |       |     1 |       |       |       ||     1
  Use: Scroll            |     5 |       |    17 |     7 |    19 |    18 |     6 |    26 |    30 ||   128
       Potion            |       |     1 |       |       |     6 |    13 |     3 |    10 |    10 ||    43
 Stab: Distracted        |       |       |     2 |     8 |    16 |    24 |    33 |    35 |    14 ||   132
       Confused          |       |       |       |       |       |     1 |       |       |       ||     1
       Invisible         |       |       |       |       |       |     3 |       |     3 |    30 ||    36
       Sleeping          |       |       |       |       |       |       |       |     1 |       ||     1
Armor: Plate armour      |   154 |   114 |   265 |   484 |    49 |       |       |       |   186 ||  1252
       Scale mail        |       |       |       |       |   314 |   154 |       |       |       ||   468
       Storm dragon scal |       |       |       |       |       |   275 |   260 |   444 |    43 ||  1022
       Skin              |       |       |       |       |       |       |       |       |     3 ||     3
Dodge: Dodged            |    30 |    51 |   210 |   587 |   734 |   786 |   666 |   997 |   530 ||  4591
       Repelled          |       |       |       |       |       |       |     7 |    22 |    21 ||    50
Block: Kite shield       |       |       |       |    33 |   896 |  1542 |  1265 |  1821 |   697 ||  6254
       Reflection        |       |       |       |       |       |    75 |    71 |    31 |    24 ||   201
       Rpst.: Scimitar   |       |       |       |       |     2 |       |       |       |       ||     2
